 Dungeon Sprint DCSS version 0.29-a0-495-g17b79114eb (webtiles) character file.

Game seed: 8889562694072766930

14 rocky1 the Magician (level 2, 0/23 HPs)
             Began as a Djinni Fire Elementalist on May 27, 2022.
             Was an Initiate of Ashenzari.
             Slain by a water moccasin (7 damage)
             ... in the Dungeon (Sprint VII: "The Pits").
             The game lasted 00:02:41 (867 turns).

rocky1 the Magician (Djinni Fire Elementalist)       Turns: 867, Time: 00:02:42

Health: 0/23       AC:  2    Str:  7    XL:     2   Next: 60%
Gold:   0          EV: 12    Int: 16    God:    Ashenzari [......] SH:  0 Dex: 13

rFire   + + .      SeeInvis .   j - +2 long sword (holy)
rCold   x . .      Faith    .   (no shield)
rNeg    . . .      Spirit   .   a - +0 robe
rPois   ∞          Reflect  .   (no helmet)
rElec   .          Harm     .   (no cloak)
rCorr   .          Rampage  .   (no gloves)
Will    .....      NoTele   +   (boots unavailable)
Stlth   ++........              (no amulet)
HPRegen 0.07/turn               (no ring)
MPRegen 0.00/turn               (no ring)

@: flying
A: sickness immunity, fire resistance 2, cold vulnerability 1, float, innate
caster, HP casting, extra vitality 1
a: Renounce Religion, Curse Item


You were in the Dungeon.
You worshipped Ashenzari.
Ashenzari was noncommittal.
You visited 1 branch

Inventory:

Hand Weapons
 j - a +2 long sword of holy wrath (weapon)
Armour
 a - a +0 robe (worn)
Scrolls
 f - a scroll of blinking
 h - a scroll of summoning
Potions
 b - 6 potions of curing
 c - 6 potions of heal wounds
 d - a potion of haste
 e - 3 potions of berserk rage
 g - 2 potions of invisibility


   Skills:
 + Level 1.7 Fighting
 - Level 2.1 Dodging
 - Level 1.5 Stealth
 + Level 4.1 Spellcasting


You couldn't memorise any spells.
You knew the following spells:

 Your Spells              Type           Power      Damage    Failure   Level
a - Foxfire               Conj/Fire      64%        2x1d7     3%          1
b - Scorch                Fire           32%        2d7       4%          2
c - Conjure Flame         Conj/Fire      16%        6-21      9%          3
d - Inner Flame           Hex/Fire       16%        N/A       9%          3
e - Flame Wave            Conj/Fire      16%        2d6       30%         4
Your spell library was empty.

Dungeon Overview and Level Annotations

Branches:
Dungeon (1/1)

Altars:
Ashenzari
Cheibriados
Dithmenos
Elyvilon
Fedhas
Gozag
Hepliaklqana
Kikubaaqudgha
Makhleb
Nemelex Xobeh
Okawaru
Qazlal
Ru
Sif Muna
Trog
Uskayaw
Vehumet
Wu Jian
Xom
Yredelemnul
Zin
The Shining One
Beogh
Jiyva
Lugonu


Innate Abilities, Weirdness & Mutations

You are immune to sickness and miasma.
You are immune to poison.
Your flesh is very heat resistant. (rF++)
You are vulnerable to cold. (rC-)
You float through the air rather than walking.
You learn spells naturally, not from books.
Your magical power is your life essence.
You have superior vitality. (+4 MHP)


Message History

You see here a rat skeleton.
There is an open door here.
There is an open door here.
You see here a +0 club.
Okay, then.
Unknown command.
There is an open door here.
You see here a +0 dagger.
You reach down and open the door.
There is an open door here.
You reach down and open the door.
A black bear and a water moccasin come into view.
The black bear growls angrily.
A giant cockroach zombie comes into view.
There is an open door here.
Unknown command.
Casting: Scorch (safe; 4% risk of failure)
Confirm with . or Enter, or press ? or * to list all spells.
Flames lash the water moccasin.
The water moccasin is moderately wounded.
The water moccasin's fire resistance burns away.
Casting: Scorch (safe; 4% risk of failure)
Confirm with . or Enter, or press ? or * to list all spells.
Flames lash the water moccasin.
The water moccasin is burned terribly!
The water moccasin is almost dead.
The water moccasin barely misses you. x2
Casting: Scorch (safe; 4% risk of failure)
Confirm with . or Enter, or press ? or * to list all spells.
Flames lash the black bear.
The black bear is lightly wounded.
The black bear's fire resistance burns away.
The water moccasin barely misses you.
Casting: Scorch (safe; 4% risk of failure)
Confirm with . or Enter, or press ? or * to list all spells.
Flames lash the black bear.
The black bear is burned terribly!
The black bear is heavily wounded.
The water moccasin bites you!
A gnoll shaman comes into view. It is wielding a +0 club.
The water moccasin bites you!
You die...

#_________.#
#_________.#
#_______...#######
##########'##.....
#.?(!')))'.##.....
##########.##.....
#...........'.....
#'#####)#####.....
#@#..#..#..##.....
#S#..)..#))#####'#
#h#..####))##.....
#.#..#..#))##.....
#.#..#..#[[##.....
#.##'#..#'###...<.
#.#..÷)....##.....
#g#........##.....
#'###########.....


You could see a water moccasin (combustible), a black bear (combustible) and a
gnoll shaman (wandering).

Vanquished Creatures
  An adder zombie (D)
  An endoplasm (D)
  A giant cockroach (D)
  2 goblins (D)
  2 quokkas (D)
  A kobold (D)
  2 rats (D)
10 creatures vanquished.

Vanquished Creatures (others)
  18 foxfires (D)
18 creatures vanquished.

Grand Total: 28 creatures vanquished

Notes
Turn   | Place    | Note
-------+----------+-------------------------------------------
     0 | D        | rocky1 the Djinni Fire Elementalist began the quest for the
                  | Orb.
     0 | D        | Reached XP level 1. HP: 15/15 MP: 0/0
    15 | D        | Reached skill level 3 in Spellcasting
   171 | D        | Found a bloodstained altar of Trog.
   171 | D        | Found a viscous altar of Jiyva.
   171 | D        | Found a hazy altar of Hepliaklqana.
   171 | D        | Found an opulent altar of Gozag.
   172 | D        | Found a glowing golden altar of the Shining One.
   172 | D        | Found a glowing silver altar of Zin.
   172 | D        | Found a basalt altar of Yredelemnul.
   172 | D        | Found a shimmering altar of Xom.
   172 | D        | Found an ornate altar of the Wu Jian Council.
   172 | D        | Found a sacrificial altar of Ru.
   172 | D        | Found a stormy altar of Qazlal.
   172 | D        | Found an iron altar of Okawaru.
   172 | D        | Found a sparkling altar of Nemelex Xobeh.
   172 | D        | Found a burning altar of Makhleb.
   172 | D        | Found a blossoming altar of Fedhas.
   172 | D        | Found a white marble altar of Elyvilon.
   172 | D        | Found a shadowy altar of Dithmenos.
   172 | D        | Found a snail-covered altar of Cheibriados.
   174 | D        | Found a corrupted altar of Lugonu.
   175 | D        | Found a hide-covered altar of Uskayaw.
   175 | D        | Found a broken altar of Ashenzari.
   185 | D        | Became a worshipper of Ashenzari the Shackled
   212 | D        | Reached XP level 2. HP: 13/21 MP: 0/0
   472 | D        | Reached skill level 1 in Fighting
   472 | D        | Reached skill level 4 in Spellcasting
   855 | D        | Noticed a black bear
   855 | D        | Noticed a water moccasin
   867 | D        | Slain by a water moccasin

Illustrated notes

Levels and vault maps discovered:
D:        pitsprint [storerooms_1, entrance_room_1, metal_vault_7, armoury_2,
          mini_pit_1, grid_room_1, main_hall_1, silver_pit, the_coven_3,
          the_vestibule_1, steel_vault_4, golden_pit, hallway_of_sentries,
          crystal_vault_2, iron_vault_4, final_vault]

Skill      XL: |  1  2 |
---------------+-------+-----
Spellcasting   | 3 4 |  4.1
Fighting       | 1 |  1.7
Dodging        | |  2.1
Stealth        | |  1.5

Action                   || total
-------------------------++-------
Melee: Falchion          ||     4
 Cast: Foxfire           ||    13
       Scorch            ||     9
Armor: Robe              ||     2
Dodge: Dodged            ||    10

Table legend: (Time is in decaauts)
 A = Elapsed time spent in this place.
 B = Non-inter-level travel time spent in this place.
 C = Inter-level travel time spent in this place.
 D = Time resting spent in this place.
 E = Time spent auto-exploring this place.
 F = Levels seen in this place.
 G = Mean time per level.
                   A        B        C        D        E       F      G
               +--------+--------+--------+--------+--------+-----+--------+
         Total |    867 |    867 |      0 |    671 |      0 |   1 |  867.0 |
       Dungeon |    867 |    867 |      0 |    671 |      0 |   1 |  867.0 |
               +--------+--------+--------+--------+--------+-----+--------+

Top non-repeatable levels by time:
       D: 867 daAuts
